 Dungeon Crawl Stone Soup version 0.28.0-53-g5a82cb258f (webtiles) character file.

Game seed: 13927957399190668692

279 bnorton916 the Magician (level 6, 0/32 HPs)
             Began as a Deep Elf Fire Elementalist on May 29, 2022.
             Killed from afar by an orc wizard (2 damage)
             ... with a puff of flame
             ... on level 4 of the Dungeon.
             The game lasted 00:05:02 (7162 turns).

bnorton916 the Magician (DEFE)                      Turns: 7162, Time: 00:05:03

Health: 0/32       AC:  4    Str:  5    XL:     6   Next: 5%
Magic:  17/24      EV: 11    Int: 26    God:
Gold:   135        SH:  0    Dex: 15    Spells: 12/15 levels left

rFire   + . .      SeeInvis .   k - +2 dagger (speed)
rCold   . . .      Faith    .   (no shield)
rNeg    . . .      Spirit   .   p - +1 leather armour of Hopscotch {rElec MP+9 Int+4 Slay+3}
rPois   .          Reflect  .   (no helmet)
rElec   +          Harm     .   (no cloak)
rCorr   .          Rampage  .   (no gloves)
Will    .....                   (no boots)
Stlth   ++........              (no amulet)
HPRegen 0.10/turn               h - ring of protection from fire
MPRegen 0.19/turn               g - ring of flight

@: flying
A: no striking features
a: no special abilities


You were on level 4 of the Dungeon.
You visited 1 branch of the dungeon, and saw 4 of its levels.

You collected 135 gold pieces.

Inventory:

Hand Weapons
 k - a +2 dagger of speed (weapon)
 m - a +1 morningstar of protection
 o - a +2 dagger of flaming
 r - a +1 short sword of venom
Missiles
 c - 127 stones
 j - 6 atropa-tipped darts
 t - 6 poisoned darts
Armour
 a - a +0 robe
 p - the +1 leather armour of Hopscotch (worn) {rElec MP+9 Int+4 Slay+3}
   (You took it off a kobold on level 3 of the Dungeon)

   Int:       It affects your intelligence (+4).
   Slay:      It affects your accuracy & damage with ranged weapons and melee
   (+3).
   rElec:     It insulates you from electricity.
   MP:        It affects your magic capacity (+9).
Jewellery
 g - a ring of flight (right hand)
 h - a ring of protection from fire (left hand)
Scrolls
 d - 2 scrolls of enchant armour {unknown}
 f - 3 scrolls of identify {unknown}
 i - a scroll of teleportation {unknown}
 l - a scroll of immolation {unknown}
 q - a scroll of magic mapping {unknown}
Potions
 b - a potion of heal wounds {unknown}
 e - 2 potions of flight {unknown}
 n - a potion of lignification {unknown}
 s - a potion of curing {unknown}


   Skills:
 + Level 1.1 Armour
 - Level 2.4 Dodging
 - Level 2.4 Stealth
 + Level 5.3 Spellcasting
 + Level 3.6 Conjurations
 + Level 4.9 Fire Magic


You had 12 spell levels left.
You knew the following spells:

 Your Spells              Type           Power      Damage    Failure   Level
a - Foxfire               Conj/Fire      100%       2x1d9     1%          1
b - Scorch                Fire           64%        2d8       2%          2

Your spell library contained the following spells:

 Spells                   Type           Power      Damage    Failure   Level
 Conjure Flame            Conj/Fire      29%        6-21      6%          3
 Inner Flame              Hex/Fire       19%        N/A       13%         3
 Flame Wave               Conj/Fire      29%        2d8       21%         4


Dungeon Overview and Level Annotations

Branches:
Dungeon (4/15)
 Temple: D:4-7

Altars:

Shops:
D:3 [


Message History

Unknown command.
Casting: Scorch (safe; 2% risk of failure)
Confirm with . or Enter, or press ? or * to list all spells.
There is not enough space to conjure foxfire!
Unknown command.
Your foxfire dissipates!
The orc is no longer more vulnerable to fire.
There is an open door here.
The orc priest invokes the aid of Beogh against you.
Beogh smites you!
Casting: Foxfire (safe; 1% risk of failure)
Confirm with . or Enter, or press ? or * to list all spells.
You conjure some foxfire!
The foxfire hits the orc.
The orc is almost dead.
The foxfire hits the orc.
You kill the orc!
Casting: Foxfire (safe; 1% risk of failure)
Confirm with . or Enter, or press ? or * to list all spells.
You conjure some foxfire!
The foxfire hits the orc wizard.
The orc wizard is lightly wounded.
The foxfire hits the orc wizard!
The orc wizard is severely wounded.
The orc priest calls down the wrath of Beogh upon you.
Beogh smites you!
Casting: Foxfire (safe; 1% risk of failure)
Confirm with . or Enter, or press ? or * to list all spells.
You conjure some foxfire!
The orc priest calls upon Beogh to heal the orc priest.
The orc priest is healed somewhat.
The foxfire hits the orc priest.
The orc priest is lightly wounded.
The foxfire hits the orc wizard.
The orc wizard is almost dead.
The orc priest calls down the wrath of Beogh upon you.
Beogh smites you!
* * * LOW HITPOINT WARNING * * *
The orc wizard points at you and mumbles some strange words.
The puff of flame hits you. You resist.
You die...

## #........
#........#######........
#.......................
#.......................
#.......................
#..................##...
#.......................
#......o.#'###'#........
.......@)oo....#........
#......ยง.#.###.#........
##########...o.o.......#
#.....#.......#
#..............
..#...##.....#..
...#.####........ . .'..
....#... .#. ###.....


You could see 2 orc priests and an orc wizard.

Vanquished Creatures
  An orc priest (D:4)
  Terence (D:2)
  7 gnolls
  6 adders
  5 worms
  7 orcs
  3 endoplasms
  3 giant cockroaches
  3 hobgoblins
  9 jackals
  2 quokkas
  6 ball pythons
  4 bats
  2 frilled lizards (D:1)
  5 goblins
  16 kobolds
  6 rats
86 creatures vanquished.

Vanquished Creatures (others)
  372 foxfires
372 creatures vanquished.

Grand Total: 458 creatures vanquished

Notes
Turn   | Place    | Note
-------+----------+-------------------------------------------
     0 | D:1      | bnorton916 the Deep Elf Fire Elementalist began the quest
                  | for the Orb.
     0 | D:1      | Reached XP level 1. HP: 10/10 MP: 6/6
   376 | D:1      | Reached XP level 2. HP: 15/15 MP: 5/8
  1602 | D:2      | Reached XP level 3. HP: 19/19 MP: 6/10
  1898 | D:2      | Reached skill level 4 in Spellcasting
  2118 | D:2      | Reached XP level 4. HP: 24/24 MP: 8/12
  2628 | D:2      | Noticed Terence
  2653 | D:2      | Killed Terence
  2858 | D:2      | Learned a level 2 spell: Scorch
  4348 | D:3      | Identified the +1 leather armour of Hopscotch {rElec MP+9
                  | Int+4 Slay+3}
  4363 | D:3      | Reached XP level 5. HP: 28/28 MP: 10/14
  5919 | D:3      | Reached skill level 5 in Spellcasting
  5954 | D:3      | Found Lif Hami's Armour Shoppe.
  6837 | D:4      | Reached skill level 1 in Armour
  6842 | D:4      | Reached XP level 6. HP: 17/32 MP: 15/15
  7162 | D:4      | Killed from afar by an orc wizard

Illustrated notes

Levels and vault maps discovered:
D:1:      lightli_arrival_isolated_outpost, layout_loops_ring
D:2:      layout_basic, chequers_serial_rivers_small_3, minmay_tetromino_l4,
          uniq_terence
D:3:      layout_loops_ring, serial_shops, shop
D:4:      layout_basic, nicolae_vehumet_altar_sigil

Skill      XL: |  1  2  3  4  5 |
---------------+----------------+-----
Conjurations   | 2 3 |  3.6
Spellcasting   | 4 5 |  5.3
Fire Magic     | 4 |  4.9
Armour         | 1 |  1.1
Dodging        | |  2.4
Stealth        | |  2.4

Action                   |  1- 3 |  4- 6 || total
-------------------------+-------+-------++-------
 Cast: Foxfire           |    87 |   136 ||   223
       Scorch            |       |    11 ||    11
Armor: Robe              |       |     9 ||     9
       Leather armour    |       |     5 ||     5
Dodge: Dodged            |     7 |    49 ||    56
